Map: Acolyte LE

Players

Cuervo - Winner!

  • Race: Zerg Zerg
  • Spawn Location: 1:00

Ursar

  • Race: Protoss Protoss
  • League: Silver
  • Spawn Location: 7:00

VOD

Have the link to the VOD?

Description

Time

  • Played on: Sept. 21, 2017, 7:33 a.m.
  • Length: 10:59
Show
View Real Time Build Order
Export as new Build Order

Cuervo Zerg - Winner!

Build Orders: Pool First 

Get SALT Encoding   

  12  0:01  Drone  
  13  0:12  Overlord  
  13  0:18  Drone  
  14  0:30  Drone  
  14  0:31  Drone  
  14  0:35  Drone  
  17  0:45  Spawning Pool  
  17  0:49  Drone  
  17  1:11  Hatchery  
  17  1:14  Drone  
  17  1:18  Drone  
  18  1:21  Drone  
  19  1:28  Drone  
  20  1:34  Queen  
  22  1:40  Overlord  
  22  1:59  Zergling x2  
  23  2:10  Queen  
  25  2:19  Extractor  
  24  2:27  Drone  
  24  2:28  Drone x2  
  27  2:35  Queen  
  27  2:36  Roach Warren  
  28  2:39  Drone x3  
  31  2:45  Queen  
  31  2:50  Drone x3  
  36  2:56  Extractor  
  35  2:59  Overlord  
  35  3:00  Overlord  
  35  3:08  Drone  
  36  3:22  Spore Crawler  
  36  3:25  Spore Crawler  
  34  3:41  Drone x2  
  34  3:42  Drone  
  34  3:43  Drone x4  
  34  3:48  Hatchery, Overlord  
  40  3:53  Metabolic Boost  
  40  4:09  Drone x2  
  46  4:10  Drone x5  
  47  4:28  Drone  
  47  4:29  Drone x6  
  54  4:33  Overlord x2  
  53  4:42  Extractor  
  53  4:43  Lair  
  52  4:47  Evolution Chamber  
  52  4:52  Evolution Chamber  
  50  5:05  Drone x12  
  50  5:06  Drone  
  64  5:21  Drone  
  64  5:22  Drone x3  
  67  5:30  Zerg Missile Weapons Level 1  
  67  5:32  Zerg Ground Armor Level 1  
  67  5:40  Glial Reconstitution  
  67  5:44  Drone x2  
  67  5:45  Drone x2  
  71  6:06  Roach  
  71  6:07  Roach x4  
  71  6:11  Overseer  
  81  6:14  Overlord  
  81  6:15  Overlord x10  
  81  6:23  Extractor  
  80  6:39  Burrow  
  80  6:46  Hydralisk Den  
  79  7:02  Spore Crawler  
  79  7:03  Spore Crawler  
  79  7:05  Roach x5  
  79  7:06  Roach x12  
  111  7:16  Hydralisk x2  
  115  7:26  Spore Crawler  
  115  7:29  Hydralisk  
  114  7:30  Spore Crawler, Hydralisk  
  114  7:36  Hydralisk  
  113  7:45  Queen  
  111  7:53  Hydralisk  
  111  7:54  Hydralisk x2  
  115  8:02  Hydralisk  
  117  8:07  Extractor  
  112  8:13  Hydralisk  
  112  8:14  Hydralisk  
  112  8:16  Roach  
  98  8:47  Hydralisk x5  
  104  8:56  Hydralisk  
  104  8:57  Hydralisk  
  106  9:03  Extractor  
  101  9:28  Roach x3  
  101  9:29  Roach x6  
  113  9:33  Muscular Augments  
  113  9:38  Drone x3  
  114  9:49  Hydralisk x3  
  120  9:53  Roach x2  
  124  10:08  Hatchery  
  124  10:11  Roach x7  
  124  10:12  Roach x4  
  124  10:13  Overlord  
  145  10:17  Drone  
  140  10:36  Roach x2  
  140  10:37  Roach x6  
Show
View Real Time Build Order
Export as new Build Order

Ursar Protoss 

Build Orders:  

Get SALT Encoding   

  12  0:01  Probe (Chrono Boost)  
  13  0:11  Probe (Chrono Boost)  
  14  0:22  Probe (Chrono Boost)  
  14  0:27  Pylon  
  15  0:45  Probe (Chrono Boost)  
  16  0:50  Gateway  
  16  0:53  Gateway  
  16  1:01  Gateway  
  16  1:07  Assimilator  
  16  1:09  Probe (Chrono Boost)  
  17  1:20  Probe (Chrono Boost)  
  18  1:30  Probe (Chrono Boost)  
  19  1:37  Zealot  
  21  1:40  Zealot  
  23  1:52  Pylon  
  23  2:03  Cybernetics Core  
  23  2:10  Probe (Chrono Boost)  
  23  2:12  Zealot (Chrono Boost)  
  23  2:14  Zealot x2 (Chrono Boost)  
  30  2:49  Pylon  
  30  2:54  Assimilator  
  30  2:56  Pylon  
  30  3:07  Mothership Core  
  32  3:20  Nexus  
  32  3:22  Pylon  
  32  3:28  Probe  
  32  3:32  Adept (Chrono Boost)  
  35  3:40  Probe  
  35  3:41  Stargate  
  36  3:46  Adept (Chrono Boost)  
  38  3:49  Warp Gate (Chrono Boost)  
  38  3:52  Probe  
  39  4:07  Probe  
  39  4:08  Adept  
  39  4:09  Adept  
  44  4:19  Probe  
  45  4:29  Twilight Council, Phoenix  
  47  4:40  Adept  
  47  4:42  Adept  
  51  4:49  Probe x2  
  53  4:59  Phoenix  
  55  5:01  Probe  
  55  5:04  Probe  
  57  5:14  Resonating Glaives (Chrono Boost), Probe x2  
  59  5:27  Phoenix (Chrono Boost)  
  61  5:37  Probe, Pylon  
  61  5:38  Probe  
  63  5:45  Assimilator  
  63  5:47  Phoenix (Chrono Boost)  
  63  5:48  Probe  
  66  5:50  Probe  
  67  5:59  Adept x3  
  67  6:02  Probe  
  74  6:09  Phoenix  
  74  6:13  Forge  
  76  6:19  Probe x2  
  76  6:24  Assimilator  
  78  7:14  Pylon  
  78  7:16  Pylon  
  78  7:19  Pylon  
  78  7:25  Gateway  
  78  7:27  Gateway  
  78  7:29  Gateway, Phoenix  
  78  7:32  Probe x2  
  78  7:33  Stargate  
  82  7:41  Nexus  
  82  7:50  Phoenix  
  80  8:02  Adept x3  
  58  8:30  Stalker x3  
  52  8:42  Stalker x2  
  52  8:43  Stalker  
  40  9:05  Zealot x2  
  40  9:06  Zealot x4  
  38  9:50  Stalker  
  38  9:51  Stalker x3  
  38  9:52  Stalker x2  
  44  10:17  Stalker  
  44  10:18  Stalker  
  44  10:19  Stalker  
  50  10:22  Sentry  
  34  10:49  Stalker x2  
  22  10:50  Stalker  
Tags
 
League
Silver
Matchup
PvZ
Opening
Pool First
Spawn Locations
Cross Positions
Add a new tag
Caveats
  • Supply blocks, unpowered buildings, or Contaminate may cause inaccurate times.
  • Supply counts are checked every 10 seconds.